 Dungeon Crawl Stone Soup version 0.32-a0-290-g598725c5f2 (webtiles) character file.

Game seed: 3899980918561319742

1136 Persephone the Cleaver (level 8, -4/63 HPs)
             Began as a Mountain Dwarf Fighter on Feb 13, 2024.
             Was a Follower of Beogh.
             Slain by an orc warrior
             ... wielding a +0 long sword
              (13 damage)
             ... on level 6 of the Dungeon.
             The game lasted 00:06:30 (4567 turns).

Persephone the Cleaver (Mountain Dwarf Fighter)     Turns: 4567, Time: 00:06:31

Health: -4/63      AC: 11    Str: 21    XL:     8   Next: 14%
Magic:  11/11      EV:  7    Int:  9    God:    Beogh [*.....]
Gold:   413        SH:  4    Dex:  9    Spells: 7/7 levels left

rFire   . . .        p - +1 hand axe of Brutal Revenge {freeze, rC+ Stlth+}
rCold   + + .        c - +0 buckler
rNeg    . . .        i - +0 chain mail
rPois   +            d - +0 helmet
rElec   .            k - +0 cloak {rPois}
rCorr   .            (no gloves)
SInv    .            (no boots)
Will    .....        (no amulet) Stlth
                     u - ring of protection from cold
HPRegen 0.30/turn    (no ring)
MPRegen 0.12/turn

%: no passive effects
@: mighty, on berserk cooldown, slowed, very slow
A: runic magic, artefact enchanting
a: Renounce Religion


You were on level 6 of the Dungeon.
You worshipped Beogh.
Beogh was aware of your devotion.
You visited 1 branch of the dungeon, and saw 6 of its levels.

You collected 413 gold pieces.

Inventory:

Hand Weapons
 a - a +0 war axe
 p - the +1 hand axe of Brutal Revenge (weapon) {freeze, rC+ Stlth+}
   (You found it on level 4 of the Dungeon)

   rC+:       It protects you from cold.
   Stlth+:    It makes you more stealthy.
Armour
 c - a +0 buckler (worn)
 d - a +0 helmet (worn)
 i - a +0 chain mail (worn)
 k - a +0 cloak of poison resistance (worn)
Jewellery
 m - a ring of wizardry
 u - a ring of protection from cold (left hand)
Wands
 e - a wand of flame (19)
Scrolls
 j - a scroll of fog
 l - a scroll of vulnerability
 q - a scroll of poison
 r - a scroll of noise
Potions
 b - 2 potions of berserk rage
 f - a potion of resistance
 g - 2 potions of magic {unknown}
 h - 5 potions of curing
 n - a potion of brilliance {unknown}


   Skills:
 - Level 3.2 Fighting
 * Level 10.0 Axes
 - Level 3.2 Armour
 - Level 5.0 Shields
 + Level 4.9 Invocations


You had 7 spell levels left.
You didn't know any spells.
Your spell library contained the following spells:

 Spells                   Type           Power      Damage    Failure   Level
 Tukima's Dance           Hex            0%         N/A       94%         3
 Passage of Golubria      Tloc           0%         N/A       100%        4
 Alistair's Intoxication  Alch           0%         N/A       100%        5
 Borgnjor's Vile Clutch   Necr/Erth      0%         N/A       100%        5
 Yara's Violent Unravell  Hex/Alch       0%         3d3       100%        5
 Eringya's Noxious Bog    Alch           0%         4d6       100%        6


Dungeon Overview and Level Annotations

Branches:
Dungeon (6/15)
 Temple: D:4-7

Altars:
Ashenzari
Cheibriados
Elyvilon
Gozag
Hepliaklqana
Nemelex Xobeh
Okawaru
Qazlal


Innate Abilities, Weirdness & Mutations

Your spellcasting is much less encumbered by armour.
You can use scrolls of enchantment on lesser artefacts.


Message History

It asks, "Are you our saviour?"
Lua - Auto Kill stopped.
Not in fighting shape. x2
An orc warrior is nearby!
Things that are here:
a +0 whip; 2 boomerangs
Items here: ))) [ †.
You see here a +0 mace.
The orc warrior hits you but does no damage.
The orc warrior attacks as it pursues you!
The orc warrior hits you with a +0 long sword.
You hit the orc warrior but do no damage.
The orc warrior hits you but does no damage.
You hit the orc warrior but do no damage.
The orc warrior hits you with a +0 long sword.
You slash the orc warrior! You freeze the orc warrior.
The orc warrior is moderately wounded.
The orc warrior hits you but does no damage.
The orc warrior hits you with a +0 long sword!
* * * LOW HITPOINT WARNING * * *
Okay, then.
Okay, then.
It was a potion of curing.
You feel better.
The orc warrior hits you with a +0 long sword!
* * * LOW HITPOINT WARNING * * *
You feel very mighty all of a sudden.
The orc warrior hits you with a +0 long sword.
* * * LOW HITPOINT WARNING * * *
The orc warrior hits you but does no damage.
You slash the orc warrior! You freeze the orc warrior.
The orc warrior is almost dead.
The orc warrior hits you with a +0 long sword.
* * * LOW HITPOINT WARNING * * *
You feel better. The orc warrior closely misses you.
You closely miss the orc warrior.
The orc warrior is almost dead.
The orc warrior hits you with a +0 long sword.
* * * LOW HITPOINT WARNING * * *
The orc warrior hits you with a +0 long sword!
You die...
Beogh appreciates the orc warrior's killing of a heretic priest.

#. #.# #.### o #.. #.#
###### #.#.. ) #.##.#
#....# #.#.#.# #....#
#....# #.#.#.# #
#..######....# #.#...#...
#..o...##....######......#
##.###)##.........)).....+
#.###..........)##......#
#.#.........@o.###.#.......
#.#.......>....+ ..########
#.#......#.....#####
#.#......#.....#
#.#.....(####### #.#......#
#.######## #.# #.#


You could see an orc warrior.

Vanquished Creatures
  2 water moccasins (D:5)
  2 black bears
  2 ogres (D:6)
  A phantom (D:5)
  A scorpion (D:4)
  2 hounds
  An orc priest (D:6)
  Crazy Yiuf (D:2)
  A sleepcap (D:5)
  2 iguanas
  Terence (D:2)
  2 orc wizards (D:6)
  Robin (D:2)
  5 adders
  A shadow imp (D:5)
  3 dart slugs
  2 ribbon worms
  8 orcs
  6 endoplasms
  A giant cockroach (D:2)
  14 goblins
  7 hobgoblins
  2 jackals (D:4)
  5 quokkas
  8 ball pythons
  6 bats
  5 frilled lizards
  10 kobolds
  5 rats
107 creatures vanquished.

Vanquished Creatures (others)
  An orc (D:6)
  A rat (D:3)
2 creatures vanquished.

Grand Total: 109 creatures vanquished

Notes
Turn   | Place    | Note
-------+----------+-------------------------------------------
     0 | D:1      | Persephone the Mountain Dwarf Fighter began the quest for
                  | the Orb.
     0 | D:1      | Reached XP level 1. HP: 19/19 MP: 1/1
    71 | D:1      | Reached XP level 2. HP: 26/26 MP: 2/2
    72 | D:1      | Reached skill level 3 in Axes
   337 | D:1      | Found a faded altar of an unknown god.
   415 | D:1      | Reached XP level 3. HP: 31/31 MP: 3/3
   960 | D:2      | Reached skill level 4 in Axes
   986 | D:2      | Noticed Robin
   992 | D:2      | Reached XP level 4. HP: 35/38 MP: 4/4
   995 | D:2      | Killed Robin
  1256 | D:2      | Found a runed translucent door.
  1258 | D:2      | Noticed Crazy Yiuf
  1384 | D:2      | Killed Crazy Yiuf
  1385 | D:2      | Reached skill level 5 in Shields
  1385 | D:2      | Reached XP level 5. HP: 21/44 MP: 5/5
  1562 | D:2      | Noticed Terence
  1573 | D:2      | Killed Terence
  1574 | D:2      | Reached skill level 5 in Axes
  1999 | D:3      | Became a worshipper of Beogh the Shepherd
  2244 | D:3      | Reached skill level 6 in Axes
  2602 | D:4      | Identified the +1 hand axe of Brutal Revenge {freeze, rC+
                  | Stlth+}
  2667 | D:4      | Found a stormy altar of Qazlal.
  2691 | D:4      | Reached XP level 6. HP: 51/51 MP: 6/6
  2829 | D:4      | Reached skill level 7 in Axes
  2951 | D:4      | Found a hazy altar of Hepliaklqana.
  2951 | D:4      | Found an iron altar of Okawaru.
  3038 | D:4      | Reached * piety under Beogh
  3195 | D:4      | Found a white marble altar of Elyvilon.
  3271 | D:5      | Entered Level 5 of the Dungeon
  3446 | D:5      | Noticed a water moccasin
  3454 | D:5      | Killed a water moccasin
  3455 | D:5      | Reached skill level 1 in Invocations
  3628 | D:5      | Reached skill level 8 in Axes
  3628 | D:5      | Reached XP level 7. HP: 57/57 MP: 8/8
  3766 | D:5      | Found a broken altar of Ashenzari.
  3978 | D:5      | Reached skill level 9 in Axes
  4226 | D:5      | Found a snail-covered altar of Cheibriados.
  4357 | D:6      | Found an opulent altar of Gozag.
  4357 | D:6      | Found a sparkling altar of Nemelex Xobeh.
  4540 | D:6      | Reached XP level 8. HP: 29/63 MP: 11/11
  4545 | D:6      | Reached skill level 10 in Axes
  4565 | D:6      | HP: 2/63 [orc warrior/+0 long sword (5)]
  4567 | D:6      | Slain by an orc warrior

Illustrated notes

Levels and vault maps discovered:
D:1:      scummos_arrival_forest, layout_loops_ring, basic_ecumenical_altar
D:2:      layout_loops_ring, uniq_robin, uniq_terence, uniq_crazy_yiuf_cottage
D:3:      layout_rooms
D:4:      layout_gridville, nicolae_elyvilon_temple_path,
          amethyst_overflow_temple_binary, grunt_qazlal_sundering
D:5:      layout_gridville, kennysheep_little_box, ashenzari_conservatory_becter
D:6:      layout_basic, grunt_temple_overflow_opulence, serial_corexii_hall,
          corexii_hall_statues_s, chequers_hall_statues_corner_a,
          nicolae_shop_gadgets

Skill      XL: |  1  2  3  4  5  6  7  8 |
---------------+-------------------------+-----
Axes           | 3 4 6 8 9 10 | 10.0
Shields        | 4 5 |  5.0
Invocations    | 2 4 |  4.9
Fighting       | |  3.2
Armour         | |  3.2

Action                     |  1- 3 |  4- 6 |  7- 9 || total
---------------------------+-------+-------+-------++-------
  Melee: War axe           |    77 |   141 |       ||   218
         Hand axe          |       |    81 |    79 ||   160
 Invoke: Convert to Beogh  |       |     1 |       ||     1
    Use: Potion            |       |     2 |     4 ||     6
         Scroll            |       |     5 |     4 ||     9
 Armour: Scale mail        |    27 |       |       ||    27
         Chain mail        |    27 |   182 |    82 ||   291
  Dodge: Dodged            |    34 |    60 |    22 ||   116
  Block: Buckler           |    25 |    44 |    14 ||    83

Table legend: (Time is in decaauts)
 A = Elapsed time spent in this place.
 B = Non-inter-level travel time spent in this place.
 C = Inter-level travel time spent in this place.
 D = Time resting spent in this place.
 E = Time spent auto-exploring this place.
 F = Levels seen in this place.
 G = Mean time per level.
                   A        B        C        D        E       F      G
               +--------+--------+--------+--------+--------+-----+--------+
         Total |   4637 |   4394 |    243 |      0 |   3575 |   6 |  772.8 |
       Dungeon |   4637 |   4394 |    243 |      0 |   3575 |   6 |  772.8 |
               +--------+--------+--------+--------+--------+-----+--------+

Top non-repeatable levels by time:
     D:2: 1163 daAuts
     D:5: 992 daAuts
     D:1: 877 daAuts
     D:4: 839 daAuts
     D:3: 470 daAuts
     D:6: 294 daAuts
